 Dungeon Crawl Stone Soup version 0.29-a0-321-gf1c400731a (webtiles) character file.

Game seed: 1845092867163541365

16 Morbidden the Skirmisher (level 2, 23/24 HPs)
             Began as a Demonspawn Fighter on Apr 3, 2022.
             Quit the game on level 1 of the Dungeon.
             The game lasted 00:00:16 (380 turns).

Morbidden the Skirmisher (Demonspawn Fighter)        Turns: 380, Time: 00:00:17

Health: 23/24      AC:  6    Str: 16    XL:     2   Next: 41%
Magic:  2/2        EV:  8    Int:  9    God:
Gold:   12         SH:  4    Dex: 12    Spells: 1/1 levels left

rFire   . . .      SeeInvis .   a - +0 war axe
rCold   . . .      Faith    .   c - +0 buckler
rNeg    . . .      Spirit   .   b - +0 scale mail
rPois   .          Reflect  .   (no helmet)
rElec   .          Harm     .   (no cloak)
rCorr   .          Rampage  .   (no gloves)
Will    .....                   (no boots)
Stlth   ..........              (no amulet)
HPRegen 0.08/turn               (no ring)
MPRegen 0.08/turn               (no ring)

@: no status effects
A: demonic magic 1
a: no special abilities


You were on level 1 of the Dungeon.
You visited 1 branch of the dungeon, and saw 1 of its levels.

You collected 12 gold pieces.

Inventory:

Hand Weapons
 a - a +0 war axe (weapon)
Armour
 b - a +0 scale mail (worn)
 c - a +0 buckler (worn)
Scrolls
 e - a scroll of teleportation {unknown}
Potions
 d - a potion of might


   Skills:
 + Level 3.2 Fighting
 + Level 2.2 Axes
 + Level 2.9 Armour
 + Level 2.7 Shields


You had one spell level left.
You didn't know any spells.
Your spell library was empty.

Dungeon Overview and Level Annotations

Branches:
Dungeon (1/15)

Altars:


Innate Abilities, Weirdness & Mutations

Spells you cast may paralyse adjacent enemies.


Message History

You slash the rat!
You kill the rat!
No target in view!
No target in view!
No target in view!
No target in view!
No target in view!
No target in view!
No target in view!
No target in view!
No target in view!
No target in view!
No target in view!
No target in view!
No target in view!
No target in view!
No target in view!
No target in view!
Things that are here:
a +0 dagger; a rat corpse No target in view!
You open the door.
There is an open door here.
A dart slug comes into view.
A dart slug is nearby!
A dart slug is nearby!
A dart slug is nearby!
You hit the dart slug.
The dart slug is severely wounded.
The dart slug closely misses you.
A dart slug is nearby!
You hit the dart slug.
The dart slug is almost dead.
The dart slug briefly extends its eye-stalks.
The dart slug launches a dart at you. The slug dart hits you.
A dart slug is nearby!
You hit the dart slug.
You kill the dart slug!
Are you sure you want to abandon this character and quit the game? (Confirm with "yes".)

##+## ##...##
##.....##
##.......##
#.....†...# ##
+.....@...+...
#............#
##.......###..
##.....##
##...## ##'##
#.# #.# ##.##


There were no monsters in sight!

Vanquished Creatures
  A dart slug (D:1)
  A giant cockroach (D:1)
  2 goblins (D:1)
  2 quokkas (D:1)
  2 ball pythons (D:1)
  2 bats (D:1)
  2 frilled lizards (D:1)
  A kobold (D:1)
  2 rats (D:1)
15 creatures vanquished.

Notes
Turn   | Place    | Note
-------+----------+-------------------------------------------
     0 | D:1      | Morbidden the Demonspawn Fighter began the quest for the
                  | Orb.
     0 | D:1      | Reached XP level 1. HP: 18/18 MP: 1/1
   162 | D:1      | Gained mutation: Spells you cast may paralyse adjacent
                  | enemies. [demonic ancestry]
   162 | D:1      | Reached XP level 2. HP: 24/24 MP: 2/2
   380 | D:1      | Quit the game

Illustrated notes

Levels and vault maps discovered:
D:1:      wander_arrival_fairy_ring, layout_loops_corners, serial_glass,
          glass_columns_a, glass_columns_a, item_on_display_a,
          due_unseen_surprise

Skill      XL: |  1 |
---------------+----+-----
Axes           | 2 |  2.2
Fighting       | |  3.2
Armour         | |  2.9
Shields        | |  2.7

Action                   || total
-------------------------++-------
Melee: War axe           ||    30
Armor: Scale mail        ||    16
Dodge: Dodged            ||     9
Block: Buckler           ||     4

Table legend: (Time is in decaauts)
 A = Elapsed time spent in this place.
 B = Non-inter-level travel time spent in this place.
 C = Inter-level travel time spent in this place.
 D = Time resting spent in this place.
 E = Time spent auto-exploring this place.
 F = Levels seen in this place.
 G = Mean time per level.
                   A        B        C        D        E       F      G
               +--------+--------+--------+--------+--------+-----+--------+
         Total |    393 |    393 |      0 |      0 |    310 |   1 |  393.0 |
       Dungeon |    393 |    393 |      0 |      0 |    310 |   1 |  393.0 |
               +--------+--------+--------+--------+--------+-----+--------+

Top non-repeatable levels by time:
     D:1: 393 daAuts
